 Dungeon Crawl Stone Soup version 0.28.0-53-g5a82cb258f (webtiles) character file.

Game seed: 4966941824735153652

553 jamesp the Insei (level 7, -1/43 HPs)
             Began as an Octopode Transmuter on Aug 5, 2022.
             Slain by an iguana (3 damage)
             ... on level 5 of the Dungeon.
             The game lasted 00:12:38 (6667 turns).

jamesp the Insei (Octopode Transmuter)              Turns: 6667, Time: 00:12:39

Health: -1/43      AC:  1    Str:  6 (9)  XL:     7   Next: 29%
Magic:  10/10      EV: 13    Int: 16 (18) God:
Gold:   131        SH:  0    Dex: 11 (12) Spells: 6/10 levels left

rFire   . . .      SeeInvis .     - Unarmed
rCold   . . .      Faith    .   (no shield)
rNeg    . . .      Spirit   .   (helmet currently unavailable)
rPois   .          Reflect  .   (no amulet)
rElec   .          Harm     .   o - ring of wizardry
rCorr   .          Rampage  .   (no ring)
Will    .....                   (no ring)
Stlth   ++........              (no ring)
HPRegen 0.14/turn               (no ring)
MPRegen 0.12/turn               (no ring)
                                (no ring)
                                (no ring)

@: lethally poisoned (-1 -> -3), appendages
A: tentacle spike 3, almost no armour, amphibious, 8 rings, camouflage 1,
gelatinous body 1, (nimble swimmer 1), tentacles
a: End Transformation


You were on level 5 of the Dungeon.
One of your tentacles had grown a beastly spike.
You visited 1 branch of the dungeon, and saw 5 of its levels.

You collected 131 gold pieces.

Inventory:

Missiles
 e - 114 stones
 k - 17 sling bullets
 m - 20 bolts
 q - 4 boomerangs
 r - 20 arrows
Jewellery
 o - a ring of wizardry (left tentacle)
Scrolls
 b - a scroll of identify
 d - 2 scrolls of magic mapping {unknown}
 f - a scroll of noise {unknown}
 h - a scroll of vulnerability {unknown}
 i - a scroll of immolation {unknown}
 j - 2 scrolls of teleportation {unknown}
 l - a scroll of holy word {unknown}
 s - a scroll of amnesia {unknown}
 t - a scroll of fear {unknown}
Potions
 a - a potion of degeneration
 c - 2 potions of mutation
 g - 2 potions of lignification
 p - 2 potions of flight


   Skills:
 - Level 1.0 Fighting
 - Level 3.0 Dodging
 + Level 5.9 Unarmed Combat
 - Level 2.0 Spellcasting
 + Level 5.4 Transmutations


You had 6 spell levels left.
You knew the following spells:

 Your Spells              Type           Power      Damage    Failure   Level
a - Beastly Appendage     Tmut           36%        N/A       1%          1
b - Spider Form           Tmut/Pois      10%        N/A       9%          3

Your spell library contained the following spells:

 Spells                   Type           Power      Damage    Failure   Level
 Wereblood                Tmut           18%        N/A       1%          2
 Ice Form                 Ice/Tmut       10%        N/A       26%         4
 Fulminant Prism          Conj/Hex       0%         3d6       58%         4
 Iskenderun's Mystic Bla  Conj/Tloc      1%         2d3       58%         4
 Lee's Rapid Deconstruct  Erth           0%         3d5*      89%         5


Dungeon Overview and Level Annotations

Branches:
Dungeon (5/15)
 Temple: D:4-7

Altars:
Kikubaaqudgha
Trog
Uskayaw

Shops:
D:2 (   D:3 (

Annotations:
D:4 Grinder


Innate Abilities, Weirdness & Mutations

One of your tentacles has grown a beastly spike.
You cannot wear most types of armour.
You are amphibious.
You can wear up to eight rings at the same time.
Your skin changes colour to match your surroundings (Stealth+).
Your rubbery body absorbs attacks. (AC +1, EV +1)
((You are camouflaged when in or above water. (Stealth+)))
You have tentacles for arms and can constrict up to eight enemies at once.


Message History

The dart slug launches a dart at you. The slug dart hits you.
The adder hisses angrily.
The dart slug launches a dart at you. The slug dart misses you.
The dart slug launches a dart at you. The slug dart hits you.
The adder bites you. The adder bites you.
You are poisoned.
The adder poisons you!
You feel sick.
Casting: Beastly Appendage (safe; 1% risk of failure)
Confirm with . or Enter, or press ? or * to list all spells.
One of your tentacles grows a vicious spike.
You feel sick. The adder bites you.
You are more poisoned.
The adder poisons you!
You tentacle-slap the adder. You grab the adder.
The adder is lightly wounded.
You constrict the adder.
You feel sick. The adder bites you.
You barely miss the adder.
You pierce the adder.
The adder is severely wounded.
You constrict the adder.
You feel sick. The adder barely misses you. The adder bites you.
You tentacle-slap the adder.
You kill the adder!
You feel sick.
You feel sick. The iguana bites you.
* * * LOW HITPOINT WARNING * * *
You see here an adder corpse.
It was a potion of degeneration.
There was something very wrong with that liquid.
You feel weakened.
You feel dopey.
You feel clumsy.
You feel sick. The iguana bites you.
* * * LOW HITPOINT WARNING * * *
It was a potion of magic.
Magic courses through your body.
* * * LOW HITPOINT WARNING * * *
You feel sick. The iguana bites you.
You die...

.......)......##
...............##
................#
....>...........#
#.......[.......#
................#
#...........†w..#
##..>.........l#######
##.....#..<...@.....#
####################


You could see an iguana and a dart slug.

Vanquished Creatures
  Sigmund (D:4)
  A scorpion (D:4)
  A water moccasin skeleton (D:5)
  2 hounds
  A howler monkey zombie (D:5)
  Robin (D:1)
  12 adders
  A worm (D:2)
  An orc (D:4)
  16 ball pythons
  10 bats
  7 endoplasms
  2 giant cockroaches
  12 goblins
  11 hobgoblins
  4 jackals (D:2)
  3 quokkas
  A frilled lizard (D:1)
  9 kobolds
  5 rats
101 creatures vanquished.

Notes
Turn   | Place    | Note
-------+----------+-------------------------------------------
     0 | D:1      | jamesp the Octopode Transmuter began the quest for the Orb.
     0 | D:1      | Reached XP level 1. HP: 13/13 MP: 3/3
   438 | D:1      | Reached XP level 2. HP: 15/18 MP: 3/5
   731 | D:1      | Found a faded altar of an unknown god.
   838 | D:1      | You fall into a shaft and drop 1 floor!
  1000 | D:2      | Reached XP level 3. HP: 23/23 MP: 6/6
  1541 | D:2      | Found Goingura's Antique Weapon Shoppe.
  1741 | D:2      | Noticed Robin
  2241 | D:2      | Found a bloodstained altar of Trog.
  2352 | D:1      | Killed Robin
  2353 | D:1      | Reached XP level 4. HP: 8/28 MP: 5/7
  4005 | D:3      | Found Resk's Weapon Shoppe.
  4241 | D:3      | Reached XP level 5. HP: 32/33 MP: 8/8
  5380 | D:4      | Found an ancient bone altar of Kikubaaqudgha.
  5870 | D:4      | Noticed Sigmund
  5877 | D:4      | Learned a level 3 spell: Spider Form
  5885 | D:4      | Killed Sigmund
  5886 | D:4      | Reached skill level 5 in Unarmed Combat
  5886 | D:4      | Reached XP level 6. HP: 26/38 MP: 9/9
  6315 | D:4      | Noticed Grinder
  6370 | D:4      | Found a hide-covered altar of Uskayaw.
  6380 | D:4      | Reached skill level 5 in Transmutations
  6380 | D:4      | Reached XP level 7. HP: 34/43 MP: 8/10
  6496 | D:5      | Entered Level 5 of the Dungeon
  6667 | D:5      | HP: 2/43 [poisoned by an adder]
  6667 | D:5      | Slain by an iguana

Illustrated notes

Levels and vault maps discovered:
D:1:      saegor_arrival_simple_e, layout_rooms, basic_ecumenical_altar
D:2:      layout_basic, basic_altar, serial_shops,
          nicolae_shop_competitors_out_of_business, uniq_robin
D:3:      layout_basic, serial_shops, shop, grunt_ministairs_9,
          minmay_snake_closets
D:4:      layout_basic, nicolae_kikubaaqudgha_miasma_corner,
          mainiacjoe_overflow_24_doors, grunt_decor_one_mirror, st_stairs_2,
          uniq_grinder, uniq_pikel, uniq_sigmund
D:5:      layout_rooms, nicolae_qazlal_style_of_elements, st_stairs_9,
          kennysheep_potato

Skill      XL: |  1  2  3  4  5  6 |
---------------+-------------------+-----
Dodging        | 3 |  3.0
Transmutations | 3 4 5 |  5.4
Unarmed Combat | 4 5 |  5.9
Fighting       | |  1.0
Spellcasting   | |  2.0

Action                   |  1- 3 |  4- 6 |  7- 9 || total
-------------------------+-------+-------+-------++-------
Melee: Unarmed           |    92 |   130 |    16 ||   238
       Constrict         |    25 |    33 |     4 ||    62
       Kick              |    16 |    30 |     6 ||    52
       Tentacles         |    13 |    20 |     4 ||    37
       Punch             |     3 |     3 |       ||     6
 Cast: Beastly Appendage |    18 |    26 |     3 ||    47
  Use: Scroll            |       |     3 |       ||     3
       Potion            |       |       |     2 ||     2
 Stab: Sleeping          |     5 |    12 |       ||    17
       Distracted        |       |     1 |       ||     1
Armor: Skin              |    14 |     7 |     1 ||    22
Dodge: Dodged            |    50 |    73 |    14 ||   137
